 Dungeon Crawl Stone Soup version 0.17.1-3-g152610e (webtiles) character file.

33 mopl the Slasher (level 3, 0/21 HPs)
             Began as a Tengu Skald on Mar 8, 2016.
             Slain by a hobgoblin
             ... wielding a cursed -1 club
              (4 damage)
             ... on level 2 of the Dungeon.
             The game lasted 00:02:27 (1274 turns).

mopl the Slasher (Tengu Skald)                      Turns: 1274, Time: 00:02:27

Health: 0/21       AC:  3    Str: 13    XL:     3   Next: 29%
Magic:  2/7        EV: 10    Int: 12    God:
Gold:   14         SH:  3    Dex: 13    Spells: 3 memorised, 0 levels left

rFire  . . .     SeeInvis .     a - +0 falchion
rCold  . . .     Clarity  .     b - +0 leather armour
rNeg   . . .     SustAt   .     o - +0 buckler
rPois  .         Gourm    .     (helmet restricted)
rElec  .         Spirit   .     (no cloak)
rCorr  .         Warding  .     (no gloves)
rMut   .         Stasis   .     (boots unavailable)
MR     .....                    (no amulet)
Stlth  +.........               (no ring)
                                (no ring)

@: very slightly contaminated, not resistant to hostile enchantments, very
unstealthy
A: beak, talons 3
a: no special abilities


You were on level 2 of the Dungeon.
You were hungry.

You visited 1 branch of the dungeon, and saw 2 of its levels.

You collected 14 gold pieces.

Inventory:

Hand Weapons
 a - a +0 falchion (weapon)
Missiles
 e - 3 needles of paralysis
 i - 11 poisoned needles
Armour
 b - a +0 leather armour (worn)
 o - a +0 buckler (worn)
Scrolls
 h - 2 scrolls of fear {unknown}
 j - a scroll of magic mapping {unknown}
 k - a scroll of blinking {unknown}
 m - a scroll of amnesia {unknown}
 n - 2 scrolls of recharging {unknown}
 s - a scroll of random uselessness {unknown}
Potions
 f - 3 potions of curing
 g - a potion of cure mutation {!q}
 q - a potion of agility
Books
 c - a book of Battle

   Spells                             Type                      Level
   a - Infusion                       Charms                       1
   b - Shroud of Golubria             Charms/Translocation         2
   c - Song of Slaying                Charms                       2
   d - Spectral Weapon                Hexes/Charms                 3
   e - Regeneration                   Charms/Necromancy            3
Comestibles
 d - 2 bread rations
 l - 2 meat rations
 p - a chunk of flesh
 r - a slice of pizza


   Skills:
 - Level 2.0 Fighting
 * Level 4.0 Long Blades
 - Level 1.1 Armour
 - Level 1.1 Dodging
 - Level 2.0 Spellcasting
 - Level 2.4 Charms


You couldn't memorise any spells.
You knew the following spells:

 Your Spells              Type           Power        Failure   Level  Hunger
a - Infusion              Chrm           #.....       24%         1    ##.....
f - Shroud of Golubria    Chrm/Tloc      #.........   61%         2    ###....
r - Regeneration          Chrm/Necr      #.........   92%         3    ####...


Dungeon Overview and Level Annotations

Branches:
Dungeon (2/15)

Altars:


Innate Abilities, Weirdness & Mutations

You have a beak for a mouth.
You have claws for feet.


Message History

You slash the jackal!
You kill the jackal!
Your Long Blades skill increases to level 4!
The kobold throws a stone.
You block the stone. The kobold hits you.
* * * LOW HITPOINT WARNING * * *
Things that are here:
a jackal corpse x2
You barely miss the kobold. Your kick misses the kobold. The kobold hits you.
* * * LOW HITPOINT WARNING * * *
You barely miss the kobold. Your peck misses the kobold.
The kobold closely misses you. The kobold hits you.
* * * LOW HITPOINT WARNING * * *
You hit the kobold.
You kill the kobold!
You completely miss the hobgoblin. You claw the hobgoblin.
Your peck misses the hobgoblin.
The hobgoblin is lightly wounded.
The hobgoblin hits you with a club.
You die...

#......#..# #.....##†#
#.....K#..#######
#.....##.#
######.#........#
#......#.#
#gh......#.###.[....#.#
##h..###.#.....###..#.#
#...# #.#..........#..
##..# #.#.#.#.###.####
#..###.#.#.#.# #.....
#######.>g@(.#.............
#.......##########.########
#.####### ..# ##


You could see a hobgoblin.

Vanquished Creatures
  An adder (D:2)
  2 giant geckos
  A giant cockroach (D:2)
  2 goblins (D:1)
  2 hobgoblins (D:1)
  5 jackals
  2 bats
  3 giant newts (D:1)
  A kobold (D:2)
  2 rats (D:1)
21 creatures vanquished.

Notes
Turn   | Place    | Note
--------------------------------------------------------------
     0 | D:1      | mopl the Tengu Skald began the quest for the Orb.
     0 | D:1      | Reached XP level 1. HP: 12/12 MP: 4/4
   412 | D:1      | Reached XP level 2. HP: 8/17 MP: 6/6
   443 | D:1      | Learned a level 2 spell: Shroud of Golubria
   557 | D:1      | Reached skill level 3 in Long Blades
  1141 | D:2      | Reached XP level 3. HP: 9/21 MP: 2/7
  1166 | D:2      | Learned a level 3 spell: Regeneration
  1269 | D:2      | Reached skill level 4 in Long Blades
  1274 | D:2      | Slain by a hobgoblin

Action                   || total
-------------------------++-------
Melee: Falchion          ||    61
 Cast: Shroud of Golubri ||     5
  Use: Scroll            ||     3
  Eat: Chunk             ||     1
